 Dungeon Crawl Stone Soup version 0.30-a0-210-g01b79a254e (webtiles) character file.

Game seed: 11274200361672352117

376 LnG the Sneak (level 7, -2/38 HPs)
             Began as a Kobold Summoner on Oct 5, 2022.
             Constricted to death by Natasha (6 damage)
             ... on level 4 of the Dungeon.
             The game lasted 00:08:44 (3733 turns).

LnG the Sneak (Kobold Summoner)                     Turns: 3733, Time: 00:08:45

Health: -2/38      AC:  4    Str: 11    XL:     7   Next: 3%
Magic:  8/10       EV: 12    Int: 19    God:
Gold:   210        SH:  0    Dex: 15    Spells: 5/11 levels left

rFire   . . .      SeeInvis .    A - +0 short sword (venom)
rCold   + . .      Faith    .    (no shield)
rNeg    . . .      Spirit   .    a - +0 robe
rPois   .          Reflect  .    x - +0 helmet
rElec   .          Harm     .    m - +0 cloak
rCorr   .          Rampage  .    (no gloves)
Will    .....                    (no boots)
Stlth   ++++......               n - amulet of regeneration
HPRegen 1.06/turn                d - ring of protection from cold
MPRegen 0.12/turn                q - +6 ring of strength

@: grasped by roots, constricted
A: small, no large weapons, nightstalker 3
a: no special abilities


You were on level 4 of the Dungeon.
You visited 1 branch of the dungeon, and saw 4 of its levels.

You collected 210 gold pieces.

Inventory:

Hand Weapons
 A - a +0 short sword of venom (weapon)
Armour
 a - a +0 robe (worn)
 m - a +0 cloak (worn)
 x - a +0 helmet (worn)
Jewellery
 d - a ring of protection from cold (left hand)
 n - an amulet of regeneration (around neck)
 q - a +6 ring of strength (right hand)
Wands
 s - a wand of digging (6)
 y - a wand of polymorph (1)
 z - a wand of flame (16)
Scrolls
 c - 6 scrolls of teleportation
 f - 2 scrolls of poison {unknown}
 i - 2 scrolls of fear {unknown}
 j - 2 scrolls of identify
 k - a scroll of vulnerability {unknown}
 t - 3 scrolls of brand weapon {unknown}
 u - a scroll of enchant armour {unknown}
 w - a scroll of amnesia {unknown}
Potions
 b - a potion of magic
 g - a potion of brilliance
 h - a potion of curing
 l - 2 potions of haste {unknown}
 o - a potion of resistance {unknown}
 p - a potion of flight {unknown}
 r - 2 potions of cancellation {unknown}
 v - a potion of lignification {unknown}


   Skills:
 + Level 1.4 Fighting
 + Level 3.1 Short Blades
 + Level 3.6 Dodging
 * Level 6.9 Stealth
 + Level 2.6 Spellcasting
 + Level 4.7 Summonings


You had 5 spell levels left.
You knew the following spells:

 Your Spells              Type           Power      Damage    Failure   Level
a - Summon Small Mammal   Summ           80%        N/A       2%          1
b - Call Imp              Summ           20%        N/A       3%          2
c - Call Canine Familiar  Summ           20%        N/A       7%          3

Your spell library contained the following spells:

 Spells                   Type           Power      Damage    Failure   Level
 Summon Guardian Golem    Hex/Summ       11%        N/A       19%         3
 Summon Lightning Spire   Summ/Air       11%        N/A       52%         4


Dungeon Overview and Level Annotations

Branches:
Dungeon (4/15)
 Temple: D:4-7

Altars:
Ru

Shops:
D:3 (

Annotations:
D:4 Natasha


Innate Abilities, Weirdness & Mutations

You are small and have problems with some larger weapons.
You are completely attuned to the shadows.


Message History

Natasha claws you. The grasping roots constrict you.
You barely miss Natasha.
Natasha is moderately wounded.
Natasha claws you. The grasping roots constrict you!
The grasping roots release their grip on you.
You are too injured to fight recklessly!
You are too injured to fight recklessly!
Your hound closely misses Natasha.
Natasha zaps a wand.
The roots erupt in riotous growth!
Roots grab your hound. The grasping roots grab you!
Natasha is unaffected.
The grasping roots constrict your hound.
The grasping roots constrict you.
* * * LOW HITPOINT WARNING * * *
You escape the roots grasp.
Your hound completely misses Natasha.
Natasha claws your hound.
The grasping roots constrict your hound.
Your hound bites Natasha.
Casting: Call Canine Familiar (dangerous; 7% risk of failure)
Confirm with . or Enter, or press ? or * to list all spells.
A beastly little devil appears in a puff of flame.
Your crimson imp says, "You called?"
Your hound bites Natasha.
Natasha zaps a wand.
The roots erupt in riotous growth!
Your hound is unaffected.
The grasping roots grab you!
Natasha is unaffected.
The grasping roots constrict your hound.
Your hound dies!
Your hound's corpse disappears in a puff of smoke!
The grasping roots constrict you.
* * * LOW HITPOINT WARNING * * *
You escape the roots grasp.
Natasha zaps a wand.
The roots erupt in riotous growth!
The grasping roots grab you! The grasping roots constrict you.
* * * LOW HITPOINT WARNING * * *
The roots grasp on you weakens, but your attempt to escape fails.
The grasping roots constrict you.
You die...

...#
#.##....###.......###.#
)..#
#.######.#.######## #.#
...# #....# ##.##
#.#### #### ####.# #.#
##### #..... #.#
#.####...########. #.#
#......#..........
#####
#.#########............
....#
#.##)....>.....#.......
###.#
#.##).@#########..##.##
#.#
#........#######..##.##
#.#
#.....h.....).)...##)..
#.#
##...5.>.########.#####
#.# ###...### #.#####
#.##########...#
#......
#.............##
####### ###############


You could see Natasha (poisoned, ally target) and a friendly crimson imp
(summoned).

Vanquished Creatures
  Duvessa (D:4)
  Natasha (twice) (D:4)
  Robin (D:4)
  3 adders
  A worm (D:4)
  2 dart slugs (D:4)
  2 orcs
  8 ball pythons
  7 bats
  8 endoplasms
  3 giant cockroaches
  12 goblins
  7 hobgoblins
  7 kobolds
  2 quokkas
  5 rats
71 creatures vanquished.

Vanquished Creatures (collateral kills)
  Dowan (D:4)
  A nameless horror (D:4)
  A jelly (D:4)
  An adder (D:3)
  An endoplasm (D:1)
  A giant cockroach (D:4)
  2 goblins (D:4)
  4 hobgoblins
  A quokka (D:3)
  2 ball pythons (D:1)
  2 kobolds
  A rat (D:3)
18 creatures vanquished.

Grand Total: 89 creatures vanquished

Notes
Turn   | Place    | Note
-------+----------+-------------------------------------------
     0 | D:1      | LnG the Kobold Summoner began the quest for the Orb.
     0 | D:1      | Reached XP level 1. HP: 10/10 MP: 3/3
   246 | D:1      | Reached XP level 2. HP: 15/15 MP: 5/5
   249 | D:1      | Learned a level 2 spell: Call Imp
   676 | D:1      | Reached skill level 3 in Stealth
   774 | D:1      | Found a faded altar of an unknown god.
  1013 | D:2      | Reached XP level 3. HP: 20/20 MP: 6/6
  1019 | D:2      | Learned a level 3 spell: Call Canine Familiar
  1381 | D:2      | Reached skill level 4 in Stealth
  1831 | D:3      | Reached skill level 1 in Short Blades
  1831 | D:3      | Reached XP level 4. HP: 22/24 MP: 7/7
  2127 | D:3      | Found Rukhulor's Weapon Shop.
  2437 | D:3      | Found a sacrificial altar of Ru.
  2584 | D:4      | HP: 1/24 [acid (10)]
  2586 | D:4      | Reached skill level 5 in Stealth
  2586 | D:4      | Reached XP level 5. HP: 3/28 MP: 2/8
  2801 | D:4      | Noticed Robin
  2830 | D:4      | Killed Robin
  2831 | D:4      | Reached skill level 1 in Fighting
  3279 | D:4      | Noticed Natasha
  3282 | D:4      | Killed Natasha
  3283 | D:4      | Reached XP level 6. HP: 34/34 MP: 9/9
  3395 | D:4      | Noticed Natasha
  3401 | D:4      | Noticed a nameless horror
  3414 | D:4      | Killed a nameless horror
  3416 | D:4      | Killed Natasha
  3476 | D:4      | Reached skill level 6 in Stealth
  3549 | D:4      | Noticed Duvessa
  3551 | D:4      | Noticed Dowan
  3585 | D:4      | Killed Duvessa
  3594 | D:4      | Killed Dowan
  3595 | D:4      | Reached XP level 7. HP: 22/38 MP: 4/10
  3723 | D:4      | Noticed Natasha
  3733 | D:4      | Constricted to death by Natasha

Illustrated notes

Levels and vault maps discovered:
D:1:      dpeg_arrival_refuge, layout_basic,
          shapermc_ecumenical_altar_hornbeckon, minmay_misc_feat_square
D:2:      layout_rooms
D:3:      layout_basic, nicolae_ru_path_of_blood, serial_shops,
          nicolae_shop_bloodbath_and_beyond, minmay_fractal_squares_5
D:4:      layout_loops_ring, uniq_robin, uniq_natasha, uniq_duvessa

Skill      XL: |  1  2  3  4  5  6 |
---------------+-------------------+-----
Stealth        | 3 4 5 6 |  6.9
Short Blades   | 1 2 3 |  3.1
Dodging        | 3 |  3.6
Fighting       | 1 |  1.4
Spellcasting   | |  2.6
Summonings     | |  4.7

Action                   |  1- 3 |  4- 6 |  7- 9 || total
-------------------------+-------+-------+-------++-------
Melee: Unarmed           |     7 |       |       ||     7
       Dagger            |    90 |   242 |       ||   332
       Punch             |     2 |     1 |       ||     3
       Short sword       |       |       |     4 ||     4
 Cast: Summon Small Mamm |     7 |       |       ||     7
       Call Imp          |     1 |     2 |     1 ||     4
       Call Canine Famil |       |     8 |       ||     8
  Use: Scroll            |       |     2 |       ||     2
       Potion            |       |     2 |       ||     2
 Stab: Sleeping          |    21 |    13 |       ||    34
       Distracted        |       |     1 |       ||     1
Armor: Robe              |    11 |    35 |     2 ||    48
       Skin              |       |    16 |       ||    16
Dodge: Dodged            |    54 |   186 |       ||   240

Table legend: (Time is in decaauts)
 A = Elapsed time spent in this place.
 B = Non-inter-level travel time spent in this place.
 C = Inter-level travel time spent in this place.
 D = Time resting spent in this place.
 E = Time spent auto-exploring this place.
 F = Levels seen in this place.
 G = Mean time per level.
                   A        B        C        D        E       F      G
               +--------+--------+--------+--------+--------+-----+--------+
         Total |   3708 |   3541 |    167 |     19 |   2774 |   4 |  927.0 |
       Dungeon |   3708 |   3541 |    167 |     19 |   2774 |   4 |  927.0 |
               +--------+--------+--------+--------+--------+-----+--------+

Top non-repeatable levels by time:
     D:4: 1171 daAuts
     D:1: 1014 daAuts
     D:3: 966 daAuts
     D:2: 556 daAuts
